 Dungeon Crawl Stone Soup version 0.23.0-3-gf3c87f2 (webtiles) character file.

Game seed: 3745613213514943266

423 Scud the Sneak (level 6, -8/32 HPs)
             Began as a Spriggan Assassin on Feb 23, 2019.
             Mangled by an ogre
             ... wielding a +0 giant club
              (23 damage)
             ... on level 5 of the Dungeon.
             The game lasted 00:12:46 (4264 turns).

Scud the Sneak (Spriggan Assassin)                  Turns: 4264, Time: 00:12:47

Health: -8/32      AC:  3    Str:  7    XL:     6   Next: 63%
Magic:  7/7        EV: 20    Int: 13    God:
Gold:   115        SH:  6    Dex: 19    Spells: 5/5 levels left

rFire    . . .     SeeInvis +   t - +2 dagger (speed)
rCold    . . .     Gourm    .   l - +0 buckler
rNeg     . . .     Faith    +   c - +0 robe
rPois    .         Spirit   .   (helmet restricted)
rElec    .         Reflect  .   d - +0 cloak
rCorr    .         Harm     .   (gloves unavailable)
MR       +....                  (boots unavailable)
Stlth    ++++......             n - amulet of faith
HPRegen  0.10/turn              (no ring)
MPRegen  0.10/turn              (no ring)

@: very quick
A: very small, unfitting armour, see invisible, herbivore, speed 3, slow
metabolism 2
a: no special abilities


You were on level 5 of the Dungeon.
You were not hungry.

You visited 1 branch of the dungeon, and saw 5 of its levels.

You collected 115 gold pieces.

Inventory:

Hand Weapons
 a - a +2 dagger
 b - a +0 blowgun
 t - a +2 dagger of speed (weapon)
Missiles
 e - 24 poisoned needles
 f - 2 curare-tipped needles
Armour
 c - a +0 robe (worn)
 d - a +0 cloak (worn)
 l - a +0 buckler (worn)
Jewellery
 n - an amulet of faith (around neck)
Wands
 Y - a wand of random effects (22)
Scrolls
 h - a scroll of magic mapping {unknown}
 i - 3 scrolls of identify {unknown}
 j - 2 scrolls of enchant weapon {unknown}
 k - 3 scrolls of remove curse {unknown}
 m - 2 scrolls of enchant armour {unknown}
 u - 2 scrolls of teleportation {unknown}
Potions
 o - a potion of mutation {unknown}
 p - a potion of degeneration {unknown}
 q - a potion of lignification {unknown}
 s - a potion of might {unknown}
Comestibles
 g - 10 rations


   Skills:
 + Level 2.9 Fighting
 + Level 5.1 Short Blades
 - Level 2.1 Throwing
 + Level 4.9 Dodging
 - Level 6.5 Stealth
 + Level 1.2 Shields


You had 5 spell levels left.
You didn't know any spells.
Your spell library contained the following spells:

 Spells                   Type           Power        Failure   Level  Hunger
 Sandblast                Erth           #.....       43%         1    ##.....
 Passwall                 Tmut/Erth      #.......     56%         2    ###....
 Stone Arrow              Conj/Erth      #.....       80%         3    ####...
 Petrify                  Tmut/Erth      #.......     99%         4    #####..
 Lee's Rapid Deconstruct  Erth           #.........   100%        5    ######.


Dungeon Overview and Level Annotations

Branches:
Dungeon (5/15)
 Temple: D:4-7

Altars:
Dithmenos
Fedhas
Hepliaklqana
Kikubaaqudgha
Makhleb
Okawaru
Yredelemnul


Innate Abilities, Weirdness & Mutations

You are very small and have problems with some larger weapons.
You are too small for most types of armour.
You have supernaturally acute eyesight. (SInv)
You are a herbivore.
You cover ground extremely quickly.
You need to consume almost no food.


Message History

The ogre shouts!
You hit the ogre.
The ogre is moderately wounded.
You hit the ogre.
The ogre is heavily wounded.
The ogre misses you.
You hit the ogre but do no damage.
The ogre is heavily wounded.
You hit the ogre.
The ogre is heavily wounded.
You hit the ogre but do no damage.
The ogre is heavily wounded.
The ogre hits you with a +0 giant club.
You hit the ogre.
The ogre is heavily wounded.
You hit the ogre.
The ogre is severely wounded.
The ogre hits you with a +0 giant club!!
Ouch! That really hurt!
You die...

#. .# #. #.. ####.
#####. #.# .....
......####.###.....
#............?.... ..
#..........# .
#........O.# ##.
###..........# #..
#.......@O%..#
#.###.#..........#
#####.....#..........#
.......##............#
......###.#..........+
......###+#########..#
......##...## #.#
...†.##...$.## .#
....##...#...##


You could see 2 ogres.

Vanquished Creatures
  A centaur (D:4)
  A howler monkey (D:4)
  A hound (D:2)
  A centaur zombie (D:4)
  An orc wizard (D:4)
  Ijyb (D:4)
  Jessica (D:2)
  An iguana (D:5)
  A worker ant (D:4)
  3 adders (D:2)
  An ooze (D:1)
  2 adder skeletons (D:4)
  A worm (D:3)
  A dart slug (D:2)
  5 leopard geckos
  4 orcs
  7 giant cockroaches
  7 goblins
  5 hobgoblins
  7 kobolds
  2 quokkas (D:4)
  7 bats
  3 frilled lizards
  7 rats
71 creatures vanquished.

Notes
Turn   | Place    | Note
-------+----------+-------------------------------------------
     0 | D:1      | Scud the Spriggan Assassin began the quest for the Orb.
     0 | D:1      | Reached XP level 1. HP: 10/10 MP: 2/2
    11 | D:1      | Reached skill level 6 in Stealth
   212 | D:1      | Reached XP level 2. HP: 15/15 MP: 3/3
   876 | D:2      | You fall through a shaft for 2 floors!
   895 | D:2      | Noticed Jessica
   902 | D:2      | Killed Jessica
   902 | D:2      | Reached XP level 3. HP: 7/18 MP: 4/4
  1242 | D:2      | Reached XP level 4. HP: 19/23 MP: 5/5
  1364 | D:2      | Found a burning altar of Makhleb.
  1790 | D:3      | Found a basalt altar of Yredelemnul.
  2146 | D:3      | Reached XP level 5. HP: 27/27 MP: 6/6
  2498 | D:4      | Noticed a centaur
  2499 | D:4      | Killed a centaur
  2563 | D:4      | Reached skill level 1 in Shields
  3050 | D:4      | Reached XP level 6. HP: 21/32 MP: 7/7
  3183 | D:4      | Found a blossoming altar of Fedhas.
  3385 | D:4      | Found a shadowy altar of Dithmenos.
  3444 | D:4      | Noticed Ijyb
  3448 | D:4      | Found an ancient bone altar of Kikubaaqudgha.
  3448 | D:4      | Found a hazy altar of Hepliaklqana.
  3450 | D:4      | Found an iron altar of Okawaru.
  3462 | D:4      | Paralysed by Ijyb for 7 turns
  3494 | D:4      | Paralysed by Ijyb for 2 turns
  3503 | D:4      | Killed Ijyb
  3898 | D:4      | Reached skill level 5 in Short Blades
  4165 | D:5      | Entered Level 5 of the Dungeon
  4264 | D:5      | Mangled by an ogre

Skill      XL: |  1  2  3  4  5  6 |
---------------+-------------------+-----
Stealth        | 6 |  6.5
Fighting       | 2 |  2.9
Dodging        | 2 3 4 |  4.9
Short Blades   | 3 4 5 |  5.1
Shields        | 1 |  1.2
Throwing       | |  2.1

Action                   |  1- 3 |  4- 6 || total
-------------------------+-------+-------++-------
Melee: Dagger            |    82 |   325 ||   407
 Stab: Sleeping          |     9 |     9 ||    18
       Distracted        |       |     1 ||     1
  Eat: Ration            |       |     1 ||     1
Armor: Robe              |    12 |    22 ||    34
Dodge: Dodged            |    67 |   170 ||   237
Block: Buckler           |    12 |    51 ||    63
